 Dungeon Crawl Stone Soup version 0.29.1-1-gd02db69 (webtiles) character file.

Game seed: 748739279742587565

3174 Timinator the Insei (level 9, -3/86 HPs)
             Began as a Demigod Transmuter on Jan 5, 2023.
             Killed from afar by an electric eel (9 damage)
             ... with a bolt of electricity
             ... on level 6 of the Dungeon.
             The game lasted 00:32:06 (7242 turns).

Timinator the Insei (Demigod Transmuter)            Turns: 7242, Time: 00:32:06

Health: -3/86      AC:  7    Str: 15    XL:     9   Next: 37%
Magic:  17/18      EV: 13    Int: 15    God:
Gold:   133        SH:  0    Dex: 22    Spells: 9/16 levels left

rFire   x . .      SeeInvis .     - Unarmed
rCold   + + +      Faith    .   (shield currently unavailable)
rNeg    . . .      Spirit   .   (body armour currently unavailable)
rPois   +          Reflect  .   (helmet currently unavailable)
rElec   .          Harm     .   (cloak currently unavailable)
rCorr   .          Rampage  .   (gloves currently unavailable)
Will    +....                   (boots currently unavailable)
Stlth   ++........              o - amulet of regeneration
HPRegen 1.04/turn               f - ring of protection from cold
MPRegen 0.16/turn               w - ring of willpower

@: brilliant, ice-form
A: freezing attack, amphibious, boosted hp, large, high MP 1, forlorn, divine
attributes
a: End Transformation


You were on level 6 of the Dungeon.
You were a creature of crystalline ice.
You visited 1 branch of the dungeon, and saw 6 of its levels.

You collected 371 gold pieces.
You spent 238 gold pieces at shops.

Inventory:

Armour
 g - a +0 pair of gloves
 i - the +0 pair of gloves "Qeexef" (melded) {rF+ Will- Str+9}
   (You bought it in a shop on level 2 of the Dungeon)

   Str:       It affects your strength (+9).
   rF:        It protects you from fire.
   Will:      It decreases your willpower.
 m - a +0 helmet (melded)
 n - a +3 ring mail of positive energy (melded)
 s - +0 swamp dragon scales
Jewellery
 f - a ring of protection from cold (left front paw)
 o - an amulet of regeneration (around neck)
 w - a ring of willpower (right front paw)
Wands
 b - a wand of polymorph (23)
 v - a wand of flame (7)
Scrolls
 c - 3 scrolls of magic mapping
 d - 5 scrolls of immolation
 h - a scroll of noise {unknown}
 l - a scroll of fear {unknown}
 p - a scroll of torment {unknown}
 q - a scroll of blinking {unknown}
 r - 2 scrolls of teleportation
 t - a scroll of poison {unknown}
Potions
 e - 2 potions of might
 j - 3 potions of curing
 k - 3 potions of flight


   Skills:
 * Level 4.4 Fighting
 - Level 3.0 Armour
 * Level 4.8 Dodging
 * Level 7.5 Unarmed Combat
 + Level 4.1 Spellcasting
 * Level 5.4 Transmutations
 * Level 2.8 Ice Magic


You had 9 spell levels left.
You knew the following spells:

 Your Spells              Type           Power      Damage    Failure   Level
a - Beastly Appendage     Tmut           58%        N/A       1%          1
b - Wereblood             Tmut           29%        N/A       3%          2
c - Ice Form              Ice/Tmut       23%        N/A       32%         4

Your spell library contained the following spells:

 Spells                   Type           Power      Damage    Failure   Level
 Ensorcelled Hibernation  Hex/Ice        20%        N/A       16%         2
 Ozocubu's Armour         Ice            17%        N/A       17%         3
 Spider Form              Tmut/Pois      16%        N/A       17%         3
 Slow                     Hex            16%        N/A       19%         1
 Sublimation of Blood     Necr           4%         N/A       26%         2
 Confusing Touch          Hex            4%         N/A       47%         3
 Vampiric Draining        Necr           4%         2d6       47%         3
 Anguish                  Hex/Necr       2%         N/A       87%         4
 Metabolic Englaciation   Hex/Ice        5%         N/A       95%         5
 Simulacrum               Ice/Necr       5%         N/A       100%        6
 Malign Gateway           Summ/Tloc      2%         N/A       100%        7
 Summon Hydra             Summ           2%         N/A       100%        7
 Summon Horrible Things   Summ           2%         N/A       100%        8


Dungeon Overview and Level Annotations

Branches:
Dungeon (6/15)
 Temple: D:4-7

Shops:
D:1 *   D:2 [


Innate Abilities, Weirdness & Mutations

You are a creature of crystalline ice.
You have a powerful freezing melee attack.
You are amphibious.
Your maximum health is increased.
Your armour is entirely melded.
You are incapable of wielding weapons or throwing items.
You have an increased reservoir of magic. (+10% MP)
You shall have no god before yourself.
Your divine heritage dramatically boosts your attributes as you level up.


Message History

There is an open door here.
The electric eel shoots out a bolt of lightning at you!
The bolt of electricity hits the plant.
The plant begins to die.
The bolt of electricity hits you.
The electric eel shoots out a bolt of lightning at you!
The bolt of electricity hits the plant!
The plant begins to die.
The bolt of electricity hits you!
The electric eel shoots out a bolt of lightning at you!
The bolt of electricity hits you!
The electric eel shoots out a bolt of lightning at you!
The bolt of electricity hits you!
A nearby plant withers and dies.
The electric eel shoots out a bolt of lightning at you!
The bolt of electricity hits you!
You punch the electric eel! You freeze the electric eel.
The electric eel is severely wounded.
A nearby plant withers and dies.
The electric eel shoots out a bolt of lightning at you!
The bolt of electricity hits you!
The bolt of electricity misses the electric eel.
The bolt of electricity hits the electric eel.
The electric eel completely resists.
The bolt of electricity hits you.
You barely miss the electric eel.
The electric eel is severely wounded.
The electric eel shoots out a bolt of lightning at you!
The bolt of electricity hits you!
* * * LOW HITPOINT WARNING * * *
The bolt of electricity hits the electric eel.
The electric eel completely resists.
You punch the electric eel!
The electric eel seems to slow down.
You freeze the electric eel.
You kill the electric eel!
The electric eel shoots out a bolt of lightning at you!
The bolt of electricity misses you. The bolt of electricity hits you!
* * * LOW HITPOINT WARNING * * *
The electric eel shoots out a bolt of lightning at you!
The bolt of electricity hits you.
* * * LOW HITPOINT WARNING * * *
The bolt of electricity hits you!
You die...

....#
#.....#######.....#.#.###
.Y..#
#######~~~..###..........
.....
##~####..~######.....
..)..
#.##..'##~~...##.....
.....
#.#.....#####..#.....
#.#.....# +###.....
#.#P~..P# #.....
#~#(S.~/#.....###..>.
#~#$YS..#P~.PP# #....
#~#≈≈.≈≈#..~..# #....
#†##≈≈≈##~$!~)# #.###
##.######≈≈[≈≈# #.###
##....~##≈SS####.##.
######~#####.##.##.
##~...'....#..
######.##.#.. ####.#..


You could see 2 electric eels.

Vanquished Creatures
  Pikel (D:5)
  An unseen horror (D:6)
  Maggie (D:6)
  Grinder (D:5)
  A water moccasin (D:6)
  Duvessa (D:5)
  2 ice beasts
  An orc warrior (D:6)
  A black bear (D:6)
  3 ogres
  3 phantoms
  A necrophage (D:6)
  3 scorpions
  Dowan (D:5)
  An electric eel (D:6)
  2 jellies (D:6)
  2 orc priests (D:6)
  4 hounds
  2 iguanas
  Ijyb (D:4)
  3 orc wizards
  Robin (D:3)
  A gnoll (D:3)
  9 adders
  3 white imps
  A dart slug (D:1)
  20 orcs
  6 endoplasms
  2 giant cockroaches
  14 goblins
  9 hobgoblins
  9 kobolds
  2 quokkas
  8 ball pythons
  9 bats
  3 frilled lizards
  10 rats
143 creatures vanquished.

Vanquished Creatures (others)
  22 plants
22 creatures vanquished.

Grand Total: 165 creatures vanquished

Notes
Turn   | Place    | Note
-------+----------+-------------------------------------------
     0 | D:1      | Timinator the Demigod Transmuter began the quest for the
                  | Orb.
     0 | D:1      | Reached XP level 1. HP: 15/15 MP: 5/5
   197 | D:1      | Reached skill level 1 in Fighting
   452 | D:1      | Reached XP level 2. HP: 22/23 MP: 5/7
   776 | D:1      | Reached skill level 3 in Unarmed Combat
  1234 | D:1      | Found Tiuj's Assorted Antiques.
  1242 | D:1      | Bought a scroll of identify for 48 gold pieces
  1405 | D:2      | Reached XP level 3. HP: 28/28 MP: 6/8
  1446 | D:2      | Found Sinekhloa's Antique Armour Boutique.
  1905 | D:2      | Reached skill level 1 in Armour
  2576 | D:3      | Reached XP level 4. HP: 22/35 MP: 9/9
  2622 | D:3      | Learned a level 2 spell: Wereblood
  2911 | D:3      | Noticed Robin
  2942 | D:3      | Killed Robin
  3859 | D:4      | Noticed Ijyb
  3918 | D:4      | Killed Ijyb
  3919 | D:4      | Reached XP level 5. HP: 30/41 MP: 11/11
  4063 | D:4      | Noticed an ogre
  4543 | D:4      | Killed an ogre
  4544 | D:4      | Reached XP level 6. HP: 18/48 MP: 10/12
  4831 | D:4      | Noticed Eustachio
  4884 | D:4      | Noticed Eustachio
  4884 | D:4      | Eustachio changed into Eustachio the iguana
  4893 | D:4      | Killed Eustachio the iguana
  5145 | D:5      | Entered Level 5 of the Dungeon
  5359 | D:5      | Reached skill level 4 in Unarmed Combat
  5382 | D:5      | Reached XP level 7. HP: 51/56 MP: 14/14
  5476 | D:5      | Noticed Grinder
  5517 | D:5      | Killed Grinder
  5649 | D:5      | Learned a level 4 spell: Ice Form
  5829 | D:5      | Reached XP level 8. HP: 63/63 MP: 16/16
  5863 | D:5      | Noticed Duvessa
  5863 | D:5      | Noticed Dowan
  5880 | D:5      | Killed Duvessa
  5881 | D:5      | Reached skill level 5 in Unarmed Combat
  5881 | D:5      | Killed Dowan
  5882 | D:5      | Reached skill level 1 in Ice Magic
  5998 | D:5      | Noticed Pikel
  6013 | D:5      | Killed Pikel
  6014 | D:5      | Reached skill level 5 in Transmutations
  6487 | D:2      | Bought a pair of fading gloves for 190 gold pieces
  6487 | D:2      | Identified the +0 pair of gloves "Qeexef" {rF+ Will- Str+9}
                  | (You bought it in a shop on level 2 of the Dungeon)
  6612 | D:6      | Noticed Maggie
  6635 | D:6      | Killed Maggie
  6636 | D:6      | Reached skill level 6 in Unarmed Combat
  6689 | D:6      | Reached XP level 9. HP: 47/71 MP: 18/18
  6993 | D:6      | Reached skill level 7 in Unarmed Combat
  7148 | D:6      | Killed an unseen horror
  7242 | D:6      | Killed from afar by an electric eel

Illustrated notes

Levels and vault maps discovered:
D:1:      dpeg_arrival_ternary, layout_basic, serial_shops, shop,
          shapermc_ecumenical_altar_petra, serial_bayou_lagoon_a
D:2:      layout_loops_ring, serial_shops, nicolae_diamond_shop, serial_bayou,
          serial_bayou_shore_a, serial_bayou_crossing, serial_bayou_pond_e,
          serial_bayou_lagoon_b, minmay_pentomino_o2
D:3:      layout_loops_ring, serial_bayou, serial_bayou_pond_b,
          serial_bayou_pond_a, serial_bayou_lake_a, serial_bayou_shore_b,
          serial_bayou_shore_b, serial_bayou_shore_b, minmay_strange_pillars,
          uniq_robin
D:4:      layout_loops_ring, mainiacjoe_overflow_divided_tiny,
          kennysheep_generic_room_5, uniq_ijyb, uniq_eustachio
D:5:      layout_basic, uniq_grinder, uniq_duvessa, uniq_pikel
D:6:      cheibrodos_two_vegetables, layout_basic, st_stairs_5, uniq_maggie

Skill      XL: |  1  2  3  4  5  6  7  8  9 |
---------------+----------------------------+-----
Fighting       | 1 2 3 4 |  4.4
Transmutations | 2 3 4 5 |  5.4
Unarmed Combat | 3 4 6 7 |  7.5
Dodging        | 2 3 4 |  4.8
Spellcasting   | 2 3 4 |  4.1
Armour         | 1 2 3 |  3.0
Ice Magic      | 2 |  2.8

Action                   |  1- 3 |  4- 6 |  7- 9 || total
-------------------------+-------+-------+-------++-------
Melee: Unarmed           |   125 |   178 |   241 ||   544
       Kick              |    25 |    42 |    40 ||   107
       Headbutt          |     8 |    27 |    24 ||    59
       Punch             |     3 |     3 |    13 ||    19
 Cast: Beastly Appendage |    29 |    26 |    14 ||    69
       Wereblood         |       |     3 |    10 ||    13
       Ice Form          |       |       |     1 ||     1
Evoke: Wand              |       |     1 |       ||     1
  Use: Scroll            |     2 |     5 |     3 ||    10
       Potion            |       |     4 |     3 ||     7
 Stab: Sleeping          |     1 |     1 |       ||     2
Armor: Robe              |    12 |       |       ||    12
       Leather armour    |     5 |    39 |       ||    44
       Skin              |       |     5 |    19 ||    24
       Ring mail         |       |     5 |    72 ||    77
Dodge: Dodged            |    72 |    91 |   117 ||   280
